[Event "Titled Tuesday Blitz November 07 Late 2023"]
[White "Oliveira, Tiago Batista"]
[Black "Jarocka, Liwia"]
[WhiteFideId "2108291"]
[BlackFideId "21807558"]
[WhiteElo "2069"]
[BlackElo "2343"]
[Result "0-1"]
[Round "7"]
[TimeControl "180+1"]
[Date "2023.11.07"]
[WhiteClock "0:00:00"]
[BlackClock "0:00:50"]
[Board "112"]

1. d4 g6 2. c4 Bg7 3. Nc3 d6 4. e4 Nf6 5. Be2 O-O 6. Be3 e5 7. Nf3 Nbd7 8. dxe5 dxe5 9. O-O c6 10. h3 Qc7 11. Qc2 a5 12. a3 Re8 13. b4 Nh5 14. Rfd1 Nf4 15. Bf1 Nf8 16. c5 N8e6 17. Bc4 h5 18. Rab1 axb4 19. axb4 Qe7 20. Ne2 Qf6 21. Nxf4 exf4 22. Rd6 fxe3 23. e5 Qf4 24. fxe3 Qxe3+ 25. Kh1 Qh6 26. Rf1 Bf8 27. Rd3 Nf4 28. Rd2 Be6 29. Bxe6 Nxe6 30. Rd7 Re7 31. Rxe7 Bxe7 32. Qd1 Rd8 33. Qe1 Qg7 34. Qe4 Rd5 35. Ra1 Kh7 36. Ra8 Ng5 0-1


[Site "https://www.chess.com"]

[Event "Titled Tuesday Blitz November 07 Late 2023"]
[White "Vargas, Mauricio"]
[Black "patzersame"]
[WhiteFideId "4404572"]
[WhiteElo "1865"]
[BlackElo "2335"]
[Result "0-1"]
[Round "7"]
[TimeControl "180+1"]
[Date "2023.11.07"]
[WhiteClock "0:00:00"]
[BlackClock "0:00:29"]
[Board "113"]

1. e4 c6 2. Nc3 d5 3. d3 dxe4 4. Nxe4 Nf6 5. Nxf6+ gxf6 6. g3 h5 7. Bg2 h4 8. h3 hxg3 9. fxg3 Rg8 10. g4 Qc7 11. Qf3 Be6 12. Bf4 Qa5+ 13. Bd2 Qb6 14. b3 Nd7 15. Bc3 Bh6 16. Ne2 Ne5 17. Qg3 O-O-O 18. Nf4 Bxg4 19. hxg4 Rxg4 20. Bh3 Rg8 21. O-O-O Kb8 22. Bxg4 Nxg4 23. Kb1 f5 24. Nd5+ f4 25. Nxb6 fxg3 26. Nd7+ Kc7 27. Ne5 Nf2 28. Rxh6 Nxd1 29. Bd2 g2 30. Nf3 g1=Q 31. Nxg1 Rxg1 32. Rh7 Rf1 33. Bf4+ Rxf4 34. Kc1 Nc3 35. Kd2 Nd5 36. c4 Nf6 37. Rh8 e5 38. Ke3 Ng4+ 39. Ke2 Rf2+ 0-1


[Site "https://www.chess.com"]

[Event "Titled Tuesday Blitz November 07 Late 2023"]
[White "Szente Varga, Fruzsina"]
[Black "Martins, Vinicius Tine"]
[WhiteFideId "712264"]
[BlackFideId "2112884"]
[WhiteElo "2309"]
[BlackElo "2386"]
[Result "0-1"]
[Round "7"]
[TimeControl "180+1"]
[Date "2023.11.07"]
[WhiteClock "0:01:37"]
[BlackClock "0:00:41"]
[Board "114"]

1. e4 d6 2. d4 Nf6 3. Nc3 g6 4. Be3 Bg7 5. f3 O-O 6. Qd2 e5 7. Nge2 Nc6 8. O-O-O exd4 9. Nxd4 Nxd4 10. Bxd4 Be6 11. h4 h5 12. g4 hxg4 13. h5 Nxh5 14. fxg4 Bxg4 15. Be2 Bxe2 16. Qxe2 Bxd4 17. Rxd4 Ng3 18. Qf3 Nxh1 19. Qxh1 Qg5+ 20. Kb1 Kg7 21. Rd5 Rh8 22. Qf3 Qh4 23. a3 Qh1+ 24. Qxh1 Rxh1+ 25. Ka2 Re8 26. Rd4 Rh4 27. Rb4 b6 28. Ra4 a5 29. Rc4 c5 30. b4 axb4 31. axb4 f5 32. bxc5 dxc5 33. Kb3 Rexe4 34. Nxe4 Rxe4 35. Rc3 Rb4+ 36. Ka2 Kf6 37. Rd3 f4 0-1


[Site "https://www.chess.com"]

[Event "Titled Tuesday Blitz November 07 Late 2023"]
[White "Ward, Ieuan C"]
[Black "Bullen, Alex"]
[WhiteFideId "406627"]
[BlackFideId "1801627"]
[WhiteElo "2333"]
[BlackElo "2224"]
[Result "1-0"]
[Round "7"]
[TimeControl "180+1"]
[Date "2023.11.07"]
[WhiteClock "0:00:39"]
[BlackClock "0:00:00"]
[Board "115"]

1. e4 e6 2. d4 d5 3. e5 c5 4. c3 Nc6 5. Nf3 Qb6 6. Be2 f6 7. O-O fxe5 8. dxe5 Nge7 9. c4 d4 10. Re1 Ng6 11. Bd3 Be7 12. Bxg6+ hxg6 13. Qd3 Bd7 14. Qxg6+ Kd8 15. Nbd2 Kc7 16. Ne4 Nb4 17. Neg5 Bxg5 18. Bxg5 Raf8 19. Nd2 Qc6 20. a3 Na6 21. Qe4 Qxe4 22. Nxe4 b6 23. b4 Rf5 24. h4 Bc6 25. Nd6 Rxg5 26. hxg5 Nb8 27. bxc5 bxc5 28. Rab1 Nd7 29. f4 Rh4 30. Rf1 Rg4 31. Rb2 Nb6 32. Kh2 Na4 33. Rbf2 Nc3 34. Kh3 Bxg2+ 35. Rxg2 Rxg2 36. Kxg2 1-0


[Site "https://www.chess.com"]

[Event "Titled Tuesday Blitz November 07 Late 2023"]
[White "Bueno, Alfeu Junior Varela"]
[Black "Elbebiber"]
[WhiteFideId "2108879"]
[WhiteElo "2319"]
[BlackElo "2106"]
[Result "0-1"]
[Round "7"]
[TimeControl "180+1"]
[Date "2023.11.07"]
[WhiteClock "0:00:00"]
[BlackClock "0:00:16"]
[Board "116"]

1. e4 d5 2. exd5 Nf6 3. Bb5+ Bd7 4. Be2 Nxd5 5. d4 Bf5 6. a3 e6 7. Nf3 Be7 8. c4 Nf6 9. Nc3 O-O 10. O-O Ne4 11. Nxe4 Bxe4 12. Be3 Nd7 13. Nd2 Bg6 14. Bf3 c6 15. Qb3 Qb6 16. Qc3 Qc7 17. b4 Bf6 18. Qb3 Rfd8 19. Ne4 Be7 20. Rad1 Nf6 21. Nc5 Rac8 22. h3 h6 23. a4 Nd7 24. Nd3 Nf6 25. Ne5 Be4 26. Be2 b6 27. f4 a5 28. b5 c5 29. Bf3 Bxf3 30. Nxf3 cxd4 31. Bxd4 Bc5 32. Qe3 Bxd4 33. Rxd4 Rxd4 34. Nxd4 Qxc4 35. Nc6 Nd5 36. Qe5 Qc5+ 37. Kh2 Qf8 38. Rf3 Nf6 39. Rg3 Kh8 40. Qd4 Nd5 41. f5 Nf6 42. fxe6 fxe6 43. Qxb6 Qf7 44. Qxa5 Ne4 45. Rf3 Qg6 46. Ne5 Qe8 47. Qa7 Nf6 48. Qf7 Qxf7 49. Nxf7+ Kh7 50. Nd6 Ra8 51. Ra3 Nd5 52. a5 g6 53. a6 Kg7 54. a7 Nb6 55. Nb7 Nd5 56. Ra6 Nc7 57. Rc6 Nxb5 0-1


[Site "https://www.chess.com"]

[Event "Titled Tuesday Blitz November 07 Late 2023"]
[White "Milosevic, Milos"]
[Black "Silvestre, Christian"]
[WhiteFideId "964875"]
[BlackFideId "30956269"]
[WhiteElo "2497"]
[BlackElo "2207"]
[Result "1-0"]
[Round "7"]
[TimeControl "180+1"]
[Date "2023.11.07"]
[WhiteClock "0:00:06"]
[BlackClock "0:00:24"]
[Board "117"]

1. d4 e5 2. dxe5 Nc6 3. Nf3 Qe7 4. Nc3 Nxe5 5. Nd5 Nxf3+ 6. gxf3 Qd8 7. Bf4 d6 8. e4 Ne7 9. Bc4 Be6 10. Bg5 Qd7 11. f4 Bxd5 12. Bxd5 Nxd5 13. Qxd5 Qc6 14. O-O-O Qxd5 15. Rxd5 f6 16. Bh4 Kf7 17. Rhd1 Re8 18. e5 Be7 19. Bg3 h5 20. exd6 Bxd6 21. f5 Bxg3 22. fxg3 Re7 23. b3 h4 24. R1d4 hxg3 25. hxg3 Rh1+ 26. Rd1 Rh2 27. R1d4 Rg2 28. Rg4 Ke8 29. Rd3 b6 30. Rh4 Kf7 31. Rd8 Ree2 32. Rd7+ Re7 33. Rd8 Rf2 34. g4 Re1+ 35. Kb2 Ree2 36. Rhh8 Rxc2+ 37. Ka3 Rxa2+ 38. Kb4 Rf4+ 39. Kb5 Rxg4 40. Rd7# 1-0


[Site "https://www.chess.com"]

[Event "Titled Tuesday Blitz November 07 Late 2023"]
[White "Petersson, Kjell"]
[Black "Zampronha, Wladimir Camilo"]
[WhiteFideId "1705148"]
[BlackFideId "2103087"]
[WhiteElo "2135"]
[BlackElo "2304"]
[Result "0-1"]
[Round "7"]
[TimeControl "180+1"]
[Date "2023.11.07"]
[WhiteClock "0:00:00"]
[BlackClock "0:00:32"]
[Board "118"]

1. d4 Nf6 2. Bf4 c5 3. d5 e6 4. c4 exd5 5. cxd5 d6 6. Nc3 g6 7. e4 a6 8. a4 Bg7 9. Bd3 O-O 10. h3 Re8 11. Nf3 c4 12. Bc2 Qb6 13. Rb1 Nbd7 14. O-O Nc5 15. Re1 Bd7 16. Nd2 Qb4 17. Qe2 Nxa4 18. Bxa4 Bxa4 19. Qxc4 Qxc4 20. Nxc4 Bc2 21. Nxd6 Bxb1 22. Nxe8 Rxe8 23. Rxb1 Nxe4 24. Nxe4 Rxe4 25. Bc7 Rd4 26. d6 Be5 27. Re1 Bxd6 28. Re8+ Kg7 29. Bxd6 Rxd6 30. Re7 Rb6 31. Re2 Kf6 32. f3 Rc6 33. Kf2 b5 34. Rd2 Ke7 35. Ke3 Re6+ 36. Kf4 h6 37. h4 a5 38. Rd5 Rb6 39. g4 Ke6 40. Re5+ Kd6 41. Re8 a4 42. g5 hxg5+ 43. hxg5 b4 44. Ra8 a3 45. bxa3 b3 46. Rd8+ Kc5 47. Rd1 b2 48. Rb1 Kc4 49. Ke3 Kc3 50. Ke2 Kc2 51. Rd1 b1=Q 52. Rxb1 Rxb1 0-1


[Site "https://www.chess.com"]

[Event "Titled Tuesday Blitz November 07 Late 2023"]
[White "Yushko, Olga"]
[Black "Broca Jimenez, Fernando"]
[WhiteFideId "14114500"]
[BlackFideId "5104742"]
[WhiteElo "2105"]
[BlackElo "2244"]
[Result "1-0"]
[Round "7"]
[TimeControl "180+1"]
[Date "2023.11.07"]
[WhiteClock "0:01:09"]
[BlackClock "0:00:04"]
[Board "119"]

1. d4 Nf6 2. c4 e6 3. Nc3 Bb4 4. Qc2 c5 5. dxc5 Bxc5 6. Nf3 O-O 7. Bg5 Nc6 8. e3 h6 9. Bh4 g5 10. Bg3 d5 11. cxd5 Nxd5 12. Be2 Nxc3 13. bxc3 b6 14. O-O Bb7 15. Rfd1 Qf6 16. Nd4 Rac8 17. Qa4 Rfd8 18. Nxc6 Bxc6 19. Qxa7 Qxc3 20. Rac1 Rxd1+ 21. Rxd1 Qc2 22. Bh5 Rf8 23. h3 Qe4 24. Bf3 Qc2 25. Bh5 Qe4 26. Bf3 Qc2 27. Re1 Ra8 28. Qc7 Bxf3 29. gxf3 Qxa2 30. Qe5 Qd5 31. Qf6 Qd8 32. Qxh6 Bf8 33. Qh5 Bg7 34. f4 gxf4 35. Bxf4 Qd2 36. Rd1 Ra1 37. Rxa1 Bxa1 38. Qg5+ Kf8 39. Qh6+ Ke7 40. Bg5+ Bf6 41. Qxf6+ Kd6 42. Qd8+ Kc6 43. Qxd2 1-0


[Site "https://www.chess.com"]

[Event "Titled Tuesday Blitz November 07 Late 2023"]
[White "Tarnowska, Aleksandra"]
[Black "Desideri, Ricardo Maruchi"]
[WhiteFideId "1180967"]
[BlackFideId "2110440"]
[WhiteElo "2149"]
[BlackElo "2002"]
[Result "1-0"]
[Round "7"]
[TimeControl "180+1"]
[Date "2023.11.07"]
[WhiteClock "0:00:11"]
[BlackClock "0:00:24"]
[Board "122"]

1. e4 c5 2. Nf3 d6 3. Bb5+ Nd7 4. O-O a6 5. Bxd7+ Bxd7 6. c3 g6 7. d4 cxd4 8. Qxd4 Nf6 9. e5 dxe5 10. Nxe5 Bg7 11. Rd1 e6 12. Ng4 Bc6 13. Qxd8+ Rxd8 14. Rxd8+ Kxd8 15. Bg5 Ke7 16. Nd2 h6 17. Bxf6+ Bxf6 18. Nxf6 Kxf6 19. f3 Rd8 20. Nb3 b6 21. Kf2 e5 22. Ke3 a5 23. Rc1 Ke6 24. c4 f5 25. c5 a4 26. cxb6 axb3 27. Rxc6+ Kf7 28. axb3 Rb8 29. Kd3 h5 30. Kc4 e4 31. fxe4 fxe4 32. Kd4 Re8 33. Ke3 g5 34. b7 Rb8 35. Rc7+ Ke6 36. Kxe4 Kd6 37. Rg7 g4 38. Kf4 1-0


[Site "https://www.chess.com"]

[Event "Titled Tuesday Blitz November 07 Late 2023"]
[White "Feliz Dotel, Dewar Bienvenido"]
[Black "Mirza, Diana"]
[WhiteFideId "6402801"]
[BlackFideId "2503999"]
[WhiteElo "2147"]
[BlackElo "1989"]
[Result "1-0"]
[Round "7"]
[TimeControl "180+1"]
[Date "2023.11.07"]
[WhiteClock "0:00:09"]
[BlackClock "0:00:00"]
[Board "123"]

1. d4 Nf6 2. e3 g6 3. Nf3 Bg7 4. Be2 O-O 5. b4 a5 6. b5 b6 7. c4 Bb7 8. Bb2 d6 9. O-O Nbd7 10. Nc3 e5 11. a4 exd4 12. Nxd4 Nc5 13. Bf3 Nfe4 14. Nxe4 Nxe4 15. Qc2 Nc5 16. Bxb7 Nxb7 17. Nc6 Qd7 18. Bd4 Nd8 19. Bxg7 Kxg7 20. Qc3+ f6 21. Nxd8 Raxd8 22. Rad1 Qg4 23. h3 Qg5 24. Rd5 Qh6 25. Rfd1 Rde8 26. Qd4 Re5 27. Qg4 f5 28. Qg3 Rfe8 29. c5 bxc5 30. b6 cxb6 31. Rxd6 R8e7 32. Rxb6 c4 33. Rc6 Qh5 34. Rc1 Qe2 35. R6xc4 Qd3 36. Rc7 Qe4 37. R1c4 Qd5 38. Rd4 1-0


[Site "https://www.chess.com"]

[Event "Titled Tuesday Blitz November 07 Late 2023"]
[White "Travadon, Loic"]
[Black "Molina, Jessica"]
[WhiteFideId "26092131"]
[BlackFideId "3303888"]
[WhiteElo "2248"]
[BlackElo "1966"]
[Result "0-1"]
[Round "7"]
[TimeControl "180+1"]
[Date "2023.11.07"]
[WhiteClock "0:01:32"]
[BlackClock "0:00:40"]
[Board "125"]

1. e4 e6 2. b3 b6 3. Bb2 Bb7 4. Qe2 d5 5. exd5 Bxd5 6. Nc3 Bb7 7. O-O-O Nf6 8. d4 Be7 9. f3 O-O 10. h4 Nd5 11. Nh3 Ba6 12. Qe4 Nxc3 13. Bxc3 Qd5 14. Qxd5 exd5 15. Nf4 c6 16. Nd3 Nd7 17. g4 Ba3+ 18. Bb2 Bxb2+ 19. Kxb2 Bxd3 20. Bxd3 a6 21. h5 a5 22. a4 Rfe8 23. Rde1 h6 24. c4 Nf6 25. Kc3 Kf8 26. Re5 Nd7 27. Ree1 Nf6 28. Kd2 Rxe1 29. Rxe1 Re8 30. Rxe8+ Kxe8 31. Ke3 Ke7 32. Kf4 Ne8 33. c5 bxc5 34. dxc5 Nc7 35. Ke5 Ne6 36. b4 axb4 37. a5 Nxc5 38. Kd4 Nxd3 39. a6 Nf4 40. Kc5 Kd7 41. a7 Ne6+ 42. Kxb4 Nc7 43. Kc5 Na8 44. f4 f6 45. g5 fxg5 46. fxg5 hxg5 47. Kd4 Kd6 48. Ke3 Ke5 49. Kf3 d4 50. Kg4 d3 51. Kxg5 d2 52. Kg6 d1=Q 53. Kxg7 Qxh5 54. Kg8 Kf6 55. Kf8 Qf7# 0-1


[Site "https://www.chess.com"]

[Event "Titled Tuesday Blitz November 07 Late 2023"]
[White "Freeeeeeeeeeeeeeeeee"]
[Black "Smirnov, Timofey"]
[BlackFideId "24176427"]
[WhiteElo "2018"]
[BlackElo "2113"]
[Result "1-0"]
[Round "7"]
[TimeControl "180+1"]
[Date "2023.11.07"]
[WhiteClock "0:01:05"]
[BlackClock "0:00:07"]
[Board "126"]

1. e4 e5 2. Nf3 Nf6 3. d3 Bc5 4. Nxe5 Nc6 5. Nf3 Ng4 6. d4 Nxd4 7. Nxd4 Qh4 8. g3 Qf6 9. Qxg4 Bxd4 10. Qf4 Bxb2 11. Qxf6 Bxf6 12. c3 O-O 13. Bg2 d6 14. O-O Be6 15. Be3 Rab8 16. Bd4 Bxd4 17. cxd4 Bc4 18. Rc1 Bd3 19. Rxc7 Rbc8 20. Rxc8 Rxc8 21. Nd2 Rc2 22. Nb3 g6 23. f3 Kf8 24. h4 h5 25. Bf1 Bxf1 26. Kxf1 Rc3 27. Ke2 Rc2+ 28. Ke3 Rc3+ 29. Kf4 Ke7 30. d5 Rc2 31. Na5 b6 32. Nc6+ Kd7 33. Nxa7 Rc4 34. Nc6 Ra4 35. Rb1 Rxa2 36. Rxb6 Ra7 37. Nxa7 1-0


[Site "https://www.chess.com"]

[Event "Titled Tuesday Blitz November 07 Late 2023"]
[White "Burke, Paul"]
[Black "katharinareinecke"]
[WhiteFideId "2605767"]
[WhiteElo "1872"]
[BlackElo "1916"]
[Result "1/2-1/2"]
[Round "7"]
[TimeControl "180+1"]
[Date "2023.11.07"]
[WhiteClock "0:00:24"]
[BlackClock "0:00:23"]
[Board "127"]

1. e4 c6 2. d4 d5 3. Nc3 b5 4. exd5 b4 5. Nb1 cxd5 6. Nf3 Nf6 7. Be2 e6 8. O-O Bd6 9. h3 O-O 10. c3 a5 11. a3 bxa3 12. Nxa3 Ba6 13. Nb5 Be7 14. Bf4 Bxb5 15. Bxb5 Nbd7 16. Bxd7 Qxd7 17. Ne5 Qb5 18. Nd3 Ne4 19. f3 Nd6 20. Bxd6 Bxd6 21. Qc2 Rfc8 22. Rfc1 a4 23. Rab1 Qc4 24. Nf2 a3 25. bxa3 Bxa3 26. Rf1 Qxc3 27. Qxc3 Rxc3 28. Rb7 g6 29. Ng4 Kg7 30. Rfb1 Rc1+ 31. Rxc1 Bxc1 32. Ne5 Be3+ 33. Kf1 Bxd4 34. Nxf7 Ra1+ 35. Ke2 Ra2+ 36. Kd3 Ba1 37. Ng5+ Kh6 38. Nxe6 Rxg2 39. Nf8 Bg7 40. Ne6 Bf6 41. Nf8 Bg7 42. Ne6 Bf6 43. Nf8 Bg7 1/2-1/2


[Site "https://www.chess.com"]

[Event "Titled Tuesday Blitz November 07 Late 2023"]
[White "Carlsen, Magnus"]
[Black "Nihal Sarin"]
[WhiteFideId "1503014"]
[BlackFideId "25092340"]
[WhiteElo "3272"]
[BlackElo "3111"]
[Result "1-0"]
[Round "8"]
[TimeControl "180+1"]
[Date "2023.11.07"]
[WhiteClock "0:00:03"]
[BlackClock "0:00:00"]
[Board "1"]

1. h4 d5 2. d4 Nf6 3. e3 c5 4. c4 Nc6 5. Nc3 e6 6. Nf3 dxc4 7. Bxc4 a6 8. a4 Be7 9. O-O O-O 10. dxc5 Qc7 11. b3 Bxc5 12. Bb2 b6 13. Ng5 h6 14. Nge4 Be7 15. Rc1 Bb7 16. Qe2 Rfd8 17. Nxf6+ Bxf6 18. Ne4 Bxb2 19. Qxb2 Qe5 20. Qxe5 Nxe5 21. Ng3 Nxc4 22. Rxc4 Rac8 23. Rfc1 Rxc4 24. Rxc4 Rd1+ 25. Kh2 Rd2 26. e4 Rd7 27. Rb4 Rd6 28. e5 Rc6 29. a5 b5 30. Rd4 Rc2 31. Kg1 Bd5 32. b4 Kf8 33. f3 Ke7 34. Nh5 g5 35. hxg5 hxg5 36. Nf6 Bc6 37. Rd6 Rc4 38. Kf2 g4 39. Nxg4 Bd5 40. Rxa6 Rxb4 41. Ra7+ Kf8 42. Nh6 Rb2+ 43. Kg3 b4 44. Rxf7+ Ke8 45. Rf4 b3 46. Rb4 Ra2 47. Ng4 Rxa5 48. Nf6+ Kf7 49. Kf4 Ra3 50. Nxd5 exd5 51. Kf5 Ke7 52. Rb7+ Kd8 53. Rb5 Kc7 54. Rxd5 Kc6 55. Rd1 Ra2 56. g4 Rf2 57. f4 b2 58. e6 Rd2 59. Re1 Re2 60. Rd1 Rd2 61. Rb1 Kd6 62. Kf6 Re2 63. f5 1-0


[Site "https://www.chess.com"]

[Event "Titled Tuesday Blitz November 07 Late 2023"]
[White "Rostovtsev, Dmitry"]
[Black "Duda, Jan-Krzysztof"]
[WhiteFideId "34278320"]
[BlackFideId "1170546"]
[WhiteElo "2944"]
[BlackElo "3091"]
[Result "0-1"]
[Round "8"]
[TimeControl "180+1"]
[Date "2023.11.07"]
[WhiteClock "0:00:03"]
[BlackClock "0:00:05"]
[Board "2"]

1. d4 Nf6 2. c4 g6 3. Nc3 d5 4. cxd5 Nxd5 5. e4 Nxc3 6. bxc3 Bg7 7. Nf3 c5 8. Bb5+ Nd7 9. O-O O-O 10. Rb1 a6 11. Be2 e6 12. Bf4 b6 13. Qd2 Bb7 14. Bd3 Re8 15. Rfe1 Qc8 16. Bg3 b5 17. h4 Nf6 18. Be5 Rd8 19. Qg5 Nh5 20. Bxg7 Kxg7 21. Rbd1 Qc7 22. g3 Rac8 23. Bb1 cxd4 24. cxd4 b4 25. Qe3 Nf6 26. Ne5 a5 27. f3 a4 28. Rc1 Qb6 29. Rxc8 Rxc8 30. Rd1 Ba6 31. Qf4 Qa7 32. g4 b3 33. axb3 axb3 34. Kg2 b2 35. h5 Ng8 36. g5 gxh5 37. Rh1 Rc1 38. Rxc1 bxc1=Q 39. Qxc1 Qxd4 40. Qf4 Qa7 41. Bc2 Bb5 42. Bb3 Be8 43. Bd1 Qa2+ 44. Kg3 Qa1 45. Bb3 Qc3 46. Ba4 Qe1+ 47. Kh3 Qh1+ 48. Kg3 h4+ 49. Kf2 Bxa4 50. Qxf7+ Kh8 51. Qf8 Qh2+ 52. Ke3 Qxe5 53. f4 Qc3+ 54. Kf2 h3 55. f5 exf5 56. exf5 h2 57. f6 Qd2+ 58. Kg3 Qxg5+ 59. Kxh2 Qh6+ 60. Qxh6 Nxh6 61. Kg3 Nf7 62. Kf4 Bd7 63. Ke4 h6 0-1


[Site "https://www.chess.com"]

[Event "Titled Tuesday Blitz November 07 Late 2023"]
[White "Firouzja, Alireza"]
[Black "Sarana, Alexey"]
[WhiteFideId "12573981"]
[BlackFideId "24133795"]
[WhiteElo "3073"]
[BlackElo "2980"]
[Result "1-0"]
[Round "8"]
[TimeControl "180+1"]
[Date "2023.11.07"]
[WhiteClock "0:02:16"]
[BlackClock "0:01:27"]
[Board "3"]

1. d4 Nf6 2. c4 e6 3. g3 d5 4. Bg2 Be7 5. Nf3 O-O 6. O-O dxc4 7. Qc2 a6 8. a4 Bd7 9. Qxc4 b5 10. Qc2 Nc6 11. Nc3 Nb4 12. Qd1 bxa4 13. Ne5 Rb8 14. Nxa4 Bxa4 15. Rxa4 c5 16. dxc5 Bxc5 17. Bg5 Qc7 18. Bxf6 gxf6 19. Nd7 Rfd8 20. Nxf6+ Kg7 21. Nh5+ Kh6 22. Qb1 Qe5 23. Bf3 f5 24. Qc1+ Kg6 25. Nf4+ Kg7 26. Qxc5 1-0


[Site "https://www.chess.com"]

[Event "Titled Tuesday Blitz November 07 Late 2023"]
[White "Melkumyan, Hrant"]
[Black "Hakobyan, Aram"]
[WhiteFideId "13302485"]
[BlackFideId "13306677"]
[WhiteElo "2933"]
[BlackElo "3065"]
[Result "1/2-1/2"]
[Round "8"]
[TimeControl "180+1"]
[Date "2023.11.07"]
[WhiteClock "0:01:44"]
[BlackClock "0:01:18"]
[Board "4"]

1. Nf3 Nf6 2. c4 e6 3. Nc3 d5 4. e3 Be7 5. b3 Nc6 6. d4 O-O 7. Bd3 Nb4 8. Be2 dxc4 9. bxc4 c5 10. O-O Qa5 11. Bb2 Rd8 12. Qb3 cxd4 13. exd4 Bd7 14. Rfd1 Rac8 15. Ne5 Be8 16. h3 Nc6 17. Nf3 Qb4 18. Rab1 Na5 19. Qxb4 Bxb4 20. Ne5 Nc6 21. Nf3 Na5 22. Ne5 Nc6 23. Nf3 Na5 1/2-1/2


[Site "https://www.chess.com"]

[Event "Titled Tuesday Blitz November 07 Late 2023"]
[White "Bachmann, Axel"]
[Black "Martinez Alcantara, Jose Eduardo"]
[WhiteFideId "3700488"]
[BlackFideId "3805662"]
[WhiteElo "2897"]
[BlackElo "3054"]
[Result "1/2-1/2"]
[Round "8"]
[TimeControl "180+1"]
[Date "2023.11.07"]
[WhiteClock "0:00:39"]
[BlackClock "0:00:32"]
[Board "5"]

1. e4 c5 2. Nf3 d6 3. Bb5+ Nd7 4. Ba4 Nf6 5. O-O e6 6. Re1 Be7 7. d4 cxd4 8. Nxd4 O-O 9. c4 Qc7 10. Qe2 Nb6 11. Bb3 Bd7 12. Nc3 a6 13. Bg5 Rac8 14. Rac1 Be8 15. h3 Nbd7 16. Bc2 h6 17. Bh4 Qxc4 18. Qd2 Qb4 19. Bb3 Nc5 20. Bc2 Qb6 21. Bb1 a5 22. Qc2 g6 23. Qd2 Kg7 24. Nf3 Bc6 25. e5 dxe5 26. Nxe5 Rcd8 27. Qc2 Be8 28. Rcd1 Rxd1 29. Rxd1 Ng8 30. Bg3 Nf6 31. Qc1 Bc6 32. Nc4 Qa6 33. b3 Ncd7 34. Bf4 Rh8 35. Qb2 a4 36. Ne4 Bd5 37. Ne5 Nxe5 38. Bxe5 Bxe4 39. Bxe4 axb3 40. axb3 Rd8 41. Rc1 Rd7 42. Rc3 Qb6 43. Rf3 Qd8 44. g4 Rd2 45. Qc3 Re2 46. Bxb7 g5 47. Kg2 Kg6 48. Ba6 Rxe5 49. Qxe5 Kg7 50. Bd3 Qa8 51. Bc4 Qb7 52. b4 Qxb4 53. Bxe6 fxe6 54. Qxe6 Qb7 55. Qf5 Qd5 56. Kg1 Qxf5 57. Rxf5 Bd6 58. Ra5 Bf4 59. Ra7+ Kg6 60. Ra6 Kf7 61. Kg2 Be5 62. Ra7+ Ke6 63. Ra6+ Bd6 64. Ra7 Nd5 65. Ra8 Be7 66. Ra6+ Bd6 67. Kf3 Nf4 68. h4 Ng6 69. hxg5 hxg5 70. Ke4 Ne5 71. f3 Nd7 72. Rxd6+ Kxd6 73. f4 gxf4 74. Kxf4 Ke6 75. g5 Kf7 76. g6+ Kg8 77. g7 Nb6 78. Kg5 Na4 79. Kg6 Nb2 80. Kf5 Na4 81. Kg4 Nc3 82. Kh4 Na2 83. Kh3 Nc1 84. Kh2 Nb3 85. Kg2 Na5 86. Kh1 Nc6 87. Kg2 Na7 88. Kf1 Nb5 89. Ke2 Nc7 90. Kd1 Na8 91. Kc2 Nb6 92. Kb1 Nc8 93. Ka2 Nd6 94. Kb3 Ne8 95. Kc2 Nf6 96. Kb1 Nh7 97. Ka2 Ng5 98. Kb3 Nf7 99. Kc2 Nh6 100. Kb1 Ng4 101. Ka2 Ne5 102. Kb3 Nd7 103. Kc2 Nf6 104. Kb1 Kf7 105. Ka2 Ng8 106. Kb1 Ke6 107. Kc2 Ke5 108. Kd1 Kd4 109. Ke2 Ke4 110. Kf2 Kf4 111. Ke2 Kg4 112. Kf2 Kh4 113. Ke2 Kh5 114. Kd3 Kg5 115. Kc4 Kf5 116. Kd5 Kf6 117. Kc6 Kf7 118. Kb5 Kxg7 1/2-1/2


[Site "https://www.chess.com"]

[Event "Titled Tuesday Blitz November 07 Late 2023"]
[White "Bortnyk, Olexandr"]
[Black "Kamsky, Gata"]
[WhiteFideId "14120828"]
[BlackFideId "2000024"]
[WhiteElo "3045"]
[BlackElo "2874"]
[Result "0-1"]
[Round "8"]
[TimeControl "180+1"]
[Date "2023.11.07"]
[WhiteClock "0:00:02"]
[BlackClock "0:00:09"]
[Board "6"]

1. d4 Nf6 2. Nc3 d5 3. Bf4 Bf5 4. e3 e6 5. Nf3 Nbd7 6. Bd3 Bb4 7. O-O Bxd3 8. cxd3 O-O 9. Qb3 a5 10. a3 Bxc3 11. bxc3 b6 12. c4 c5 13. Bd6 Re8 14. Rab1 a4 15. Qb5 Ra5 16. Qb2 Qa8 17. Rfc1 Rc8 18. Ne5 h6 19. h3 Ra6 20. Nxd7 Nxd7 21. Qb5 Rc6 22. Bg3 Ra5 23. Qb2 cxd4 24. Qxd4 Qc8 25. Rb4 Kh7 26. Rd1 dxc4 27. dxc4 Nc5 28. Rb5 Ra7 29. Qd8 Qxd8 30. Rxd8 Nb3 31. Be5 Ra5 32. Rd7 Kg8 33. Rd8+ Kh7 34. Rd7 Kg6 35. Bg3 Rxb5 36. cxb5 Rc5 37. Ra7 Rxb5 38. Rxa4 Nc5 39. Rg4+ Kh7 40. Bc7 Rb3 41. Rc4 Rxa3 42. Bxb6 Nd7 43. Bc7 Nf6 44. f3 Rxe3 45. Bf4 Rd3 46. Be5 Nd5 47. Rc2 f6 48. Bg3 h5 49. h4 Kg6 50. Rb2 e5 51. Rb7 Rc3 52. Bf2 Nf4 53. g3 Ne6 54. Rb6 Nd4 55. Bxd4 exd4 56. Kf2 Rc2+ 57. Kf1 Rc3 58. Kf2 Rc2+ 59. Kf1 d3 60. Rd6 Rd2 61. Rd5 Kf7 62. Ke1 Rg2 63. Rxh5 Rxg3 64. Kf2 Rh3 65. Rd5 Rxh4 66. Kg3 Rh1 67. Rd7+ Kg6 68. Rxd3 Rh5 69. f4 Rf5 70. Rd6 Rb5 71. Kg4 Ra5 72. Rd7 Rb5 73. Ra7 Rc5 74. Rb7 f5+ 75. Kh4 Kh6 76. Rb6+ g6 77. Rb4 Rc3 78. Rb8 Rc1 79. Rh8+ Kg7 80. Ra8 Rg1 81. Kh3 Rg4 82. Ra4 Kh6 83. Rb4 Kh5 84. Rd4 g5 85. Rb4 Rxf4 86. Rb8 Rf3+ 87. Kg2 g4 88. Rg8 Kh4 89. Rg7 Rd3 90. Rf7 Kg5 91. Ra7 Rd2+ 92. Kf1 g3 93. Ra3 f4 94. Kg1 Kg4 95. Ra8 f3 96. Rg8+ Kf4 97. Rf8+ Ke4 98. Re8+ Kd3 99. Rd8+ Kc3 100. Rc8+ Kb4 101. Rb8+ Kc5 102. Rc8+ Kb6 103. Rb8+ Kc7 104. Rb1 Rg2+ 105. Kh1 Rh2+ 106. Kg1 f2+ 107. Kf1 Rh1+ 0-1


[Site "https://www.chess.com"]

[Event "Titled Tuesday Blitz November 07 Late 2023"]
[White "Szpar, Milosz"]
[Black "Makarian, Rudik"]
[WhiteFideId "1184989"]
[BlackFideId "44105681"]
[WhiteElo "2834"]
[BlackElo "2993"]
[Result "0-1"]
[Round "8"]
[TimeControl "180+1"]
[Date "2023.11.07"]
[WhiteClock "0:00:02"]
[BlackClock "0:00:28"]
[Board "7"]

1. Nf3 d5 2. e3 Nf6 3. c4 c6 4. Nc3 a6 5. b3 Bf5 6. Bb2 e6 7. Be2 Be7 8. Nh4 Bg6 9. O-O Nbd7 10. f4 O-O 11. Nxg6 hxg6 12. g4 Nc5 13. g5 Nfe4 14. Nxe4 Nxe4 15. d3 Nd6 16. Rf3 Nf5 17. Rh3 f6 18. e4 dxe4 19. dxe4 Qb6+ 20. Kh1 Rad8 21. Qe1 Bb4 22. Qf1 Nd4 23. c5 Bxc5 24. Bc4 Rde8 25. Qg2 Qc7 26. f5 fxg5 27. Qxg5 gxf5 28. Qg6 Qf4 29. Rg1 Qxe4+ 30. Rg2 Rf7 31. Rh7 Kf8 32. Rh8+ Ke7 33. Rxe8+ Kxe8 34. Bxd4 Bxd4 35. Bxe6 Qe1+ 36. Rg1 Qxg1+ 37. Qxg1 Bxg1 38. Bxf7+ Kxf7 39. Kxg1 g5 0-1


[Site "https://www.chess.com"]